 Dungeon Crawl Stone Soup version 0.30.1-9-gdf580d7c3d (webtiles) character file.

Game seed: 5051659407883209998

46 Wizardman01 the Trooper (level 3, 0/44 HPs)
             Began as an Ogre Berserker on Oct 1, 2023.
             Was a Believer of Trog.
             Slain by a gnoll
             ... wielding a +0 halberd
              (8 damage)
             ... on level 2 of the Dungeon.
             The game lasted 00:06:12 (861 turns).

Wizardman01 the Trooper (Ogre Berserker)             Turns: 861, Time: 00:06:13

Health: 0/44       AC:  3    Str: 23    XL:     3   Next: 66%
Magic:  3/3        EV: 10    Int:  8    God:    Trog [**....]
Gold:   47         SH:  0    Dex:  8    Spells: 2/2 levels left

rFire   . . .        d - +0 flail
rCold   . . .        (no shield)
rNeg    . . .        b - +0 animal skin
rPois   +            (helmet restricted)
rElec   .            (no cloak)
rCorr   .            (gloves unavailable)
SInv    .            (boots unavailable)
Will    .....        (no amulet)
Stlth   +            c - ring of poison resistance
HPRegen 0.27/turn    (no ring)
MPRegen 0.08/turn

%: no passive effects
@: no status effects
A: large, unfitting armour, tough skin 1
a: Renounce Religion, Berserk, Trog's Hand


You were on level 2 of the Dungeon.
You worshipped Trog.
Trog was pleased with you.
You visited 1 branch of the dungeon, and saw 2 of its levels.

You collected 47 gold pieces.

Inventory:

Hand Weapons
 a - a +0 mace
 d - a +0 flail (weapon)
Armour
 b - a +0 animal skin (worn)
Jewellery
 c - a ring of poison resistance (left hand)
 l - a ring of fire
Scrolls
 e - a scroll of fog {unknown}
 j - a scroll of enchant armour {unknown}
 k - a scroll of teleportation {unknown}


   Skills:
 + Level 5.8 Fighting
 - Level 2.6 Maces & Flails
 + Level 1.0 Throwing
 - Level 2.6 Dodging


You had 2 spell levels left.
You didn't know any spells.
Your spell library was empty.

Dungeon Overview and Level Annotations

Branches:
Dungeon (2/15)

Altars:


Innate Abilities, Weirdness & Mutations

You are too large for most types of armour.
You have tough skin. (AC +1)


Message History

You sock the gnoll!
You kill the gnoll!
Trog accepts your kill.
Your Throwing skill increases to level 1!
Things that are here:
a +0 flail; a gnoll corpse You start resting.
You feel a strong urge to attack something.
You start resting.
You feel your anger nearly subside.
You start resting.
You are no longer berserk.
You are exhausted.
You feel yourself slow down.
d - a +0 flail
d - a +0 flail (weapon)
You drop a +0 club.
You start resting.
You feel yourself speed up.
You start resting.
You recover from your berserk rage.
You start resting.
HP restored.
There is a stone staircase leading down, spattered with blood here.
You climb downwards.
The gnoll closely misses you.
There is a stone staircase leading up, spattered with blood here.
The gnoll closely misses you.
You climb upwards.
There is a stone staircase leading down, spattered with blood here.
You climb downwards.
The gnoll barely misses you.
There is a stone staircase leading up, spattered with blood here.
You barely miss the gnoll. The gnoll hits you with a +0 halberd!
You sock the gnoll!
The gnoll is almost dead.
The gnoll hits you with a +0 halberd! x2
* * * LOW HITPOINT WARNING * * *
You hit the gnoll but do no damage.
The gnoll is almost dead.
The gnoll hits you with a +0 halberd!
You die...

##.########
.......)@.#
...######g#
#.# # #.# #
#.# # #.#
#.# #.#
..#. .##
#.# ....
#....###.#


You could see a gnoll.

Vanquished Creatures
  A gnoll (D:1)
  A worm (D:1)
  A dart slug (D:1)
  3 endoplasms (D:1)
  2 giant cockroaches (D:1)
  2 goblins (D:1)
  A hobgoblin (D:1)
  3 kobolds (D:2)
  3 quokkas (D:1)
  4 ball pythons
  2 bats (D:1)
  5 frilled lizards (D:1)
  2 rats
30 creatures vanquished.

Notes
Turn   | Place    | Note
-------+----------+-------------------------------------------
     0 | D:1      | Wizardman01 the Ogre Berserker began the quest for the Orb.
     0 | D:1      | Reached XP level 1. HP: 24/24 MP: 1/1
   138 | D:1      | Reached XP level 2. HP: 27/33 MP: 2/2
   226 | D:1      | Reached skill level 5 in Fighting
   405 | D:1      | Reached ** piety under Trog
   418 | D:1      | Reached XP level 3. HP: 35/42 MP: 3/3
   710 | D:1      | Reached skill level 1 in Throwing
   861 | D:2      | Slain by a gnoll

Illustrated notes

Levels and vault maps discovered:
D:1:      dpeg_arrival_rhombi, layout_basic
D:2:      layout_loops_ring, dreamdust_wishing_well

Skill      XL: |  1  2  3 |
---------------+----------+-----
Fighting       | 5 |  5.8
Throwing       | 1 |  1.0
Maces & Flails | |  2.6
Dodging        | |  2.6

Action                     || total
---------------------------++-------
  Melee: Mace              ||    58
         Flail             ||     3
  Throw: Dart              ||     8
         Stone             ||     6
    Use: Potion            ||     3
         Scroll            ||     2
   Stab: Sleeping          ||     1
 Armour: Animal skin       ||     7
  Dodge: Dodged            ||    32
